 Dungeon Crawl Stone Soup version 0.30.0-19-gbf45117a57 (webtiles) character file.

Game seed: 7458541092932523018

24576 qw the Cleaver (level 13, -3/82 HPs)
             Began as a Gargoyle Fighter on May 24, 2023.
             Was a High Priest of Okawaru.
             Slain by a four-headed hydra (5 damage)
             ... on level 3 of the Lair of Beasts.
             The game lasted 00:05:08 (11084 turns).

qw the Cleaver (Gargoyle Fighter)                  Turns: 11084, Time: 00:05:08

Health: -3/82      AC: 28    Str: 23    XL:     13   Next: 14%
Magic:  20/20      EV: 11    Int: 14    God:    Okawaru [*****.]
Gold:   672        SH: 18    Dex: 14    Spells: 12/12 levels left

rFire   . . .        j - +0 morningstar
rCold   . . .        F - +0 kite shield
rNeg    + . .        i - +4 chain mail
rPois   inf          u - +0 helmet
rElec   +            (no cloak)
rCorr   .            D - +2 pair of gloves
SInv    +            k - +0 pair of boots
Will    .....        z - amulet of Roruzaf {Reflect rPois rC- Will- Dex+6 SH+5} Stlth
                     o - ring of protection from cold
HPRegen 0.33/turn    m - +4 ring of slaying {mikee}
MPRegen 0.17/turn

%: reflection
@: about to teleport, heroic
A: sickness immunity, AC +9, negative energy resistance 1, electricity
resistance, torment resistance 1, petrification resistance, see invisible,
clever 1, deformed body
a: Renounce Religion, Heroism, Finesse, Duel


You were on level 3 of the Lair of Beasts.
You worshipped Okawaru.
Okawaru was extremely pleased with you.
You visited 3 branches of the dungeon, and saw 15 of its levels.
You also visited: Gauntlet.

You collected 732 gold pieces.
You spent 60 gold pieces at shops.


Innate Abilities, Weirdness & Mutations

You are immune to sickness and miasma.
Your stone body is resilient. (AC +9)
You are immune to poison.
You resist negative energy. (rN+)
You are resistant to electric shocks. (rElec)
You are resistant to unholy torment.
You are immune to petrification.
You have supernaturally acute eyesight. (SInv)
Your mind is acute. (Int +4, Str/Dex -1)
Armour fits poorly on your strangely shaped body.


   Skills:
 - Level 10.0(15.0) Fighting
 - Level 12.0(17.0) Axes
 - Level 4.2(9.2) Throwing
 + Level 7.6(12.6) Armour
 - Level 3.0(8.0) Dodging
 - Level 10.7(15.7) Shields
 - Level 10.0 Invocations


You had 12 spell levels left.
You didn't know any spells.
Your spell library was empty.

Inventory:

Hand Weapons
 j - a +0 morningstar (weapon)
 p - a +5 broad axe of holy wrath
Missiles
 r - 3 boomerangs (quivered)
Armour
 i - a +4 chain mail (worn)
 k - a +0 pair of boots (worn)
 n - the +7 ring mail of Ashenzari's Hatred {-Tele rElec rF+ rCorr}
   (You found it on level 5 of the Dungeon)

   rF:        It protects you from fire.
   rElec:     It insulates you from electricity.
   -Tele:     It prevents most forms of teleportation.
   rCorr:     It protects you from acid and corrosion.
 u - a +0 helmet (worn)
 D - a +2 pair of gloves (worn)
 F - a +0 kite shield (worn)
Jewellery
 a - a ring of positive energy
 b - a ring of ice
 g - a ring of protection from fire
 m - a +4 ring of slaying (right hand) {mikee}
 o - a ring of protection from cold (left hand)
 y - a ring of protection from fire
 z - the amulet of Roruzaf (around neck) {Reflect rPois rC- Will- Dex+6 SH+5}
   (You found it in a Gauntlet)

   [amulet of reflection]

   It reflects blocked missile attacks.
   Dex:       It affects your dexterity (+6).
   rC:        It makes you vulnerable to cold.
   rPois:     It protects you from poison.
   SH:        It affects your SH (+5).
   Will:      It decreases your willpower.
Wands
 A - a wand of digging (4)
Scrolls
 e - 3 scrolls of identify
Potions
 d - 3 potions of might
 f - 9 potions of curing
 h - 2 potions of haste
 l - a potion of attraction
 v - a potion of cancellation
 w - a potion of resistance
 E - a potion of lignification

Dungeon Overview and Level Annotations

Branches:
Dungeon (11/15)            Temple (1/1) D:6            Lair (3/5) D:11
 Shoals (0/4) Lair:2      Gauntlet (visited)
  Snake: Lair:2-3    Spider: Lair:2-3       Orc: D:9-12

Altars:
Ashenzari
Cheibriados
Dithmenos
Elyvilon
Fedhas
Gozag
Hepliaklqana
Kikubaaqudgha
Makhleb
Nemelex Xobeh
Okawaru
Qazlal
Ru
Sif Muna
Trog
Uskayaw
Vehumet
Wu Jian
Xom
Yredelemnul
Zin
The Shining One

Shops:
D:4 *[   D:9 :*

Annotations:
D:9 1 runed translucent door, qw's ghost, journeyman GrFi


Message History

You hit the yak but do no damage.
The yak is heavily wounded.
The bullfrog releases a deep croak.
You block the bullfrog's attack.
The four-headed hydra bites you but does no damage.
The four-headed hydra bites you.
The four-headed hydra bites you but does no damage. x2
You hit the yak.
The yak is severely wounded.
You block the yak's attack. The yak gores you. You block the bullfrog's attack.
The four-headed hydra misses you.
You block the four-headed hydra's attack.
The four-headed hydra bites you!
You block the four-headed hydra's attack.
You hit the yak.
The yak is severely wounded.
You block the bullfrog's attack. You block the yak's attack. x2
The bullfrog hits you but does no damage.
The four-headed hydra bites you but does no damage.
You block the four-headed hydra's attack.
The four-headed hydra bites you. x2
11082 ||| READING scroll of teleportation.
As you read the scroll of teleportation, it crumbles to dust.
You feel strangely unstable.
You block the yak's attack. x2; You block the bullfrog's attack.
The four-headed hydra closely misses you.
The four-headed hydra bites you.
The four-headed hydra barely misses you.
The four-headed hydra bites you but does no damage.
You hit the yak.
The yak is severely wounded.
The bullfrog hits you but does no damage.
The yak gores you! The yak gores you but does no damage.
You puncture the yak!
You kill the yak!
Okawaru accepts your kill.
You can now enter into single combat with a foe.
Okawaru will now gift you equipment as you gain piety.
You block the bullfrog's attack. The four-headed hydra bites you.
You die...

....((.## #P......
#.#.#....%.. #.
.....+......# .. ##..
...>.P....!.# ... #P..
#.....P.....# .... ##...
#.....P..DY%##....
#....##..##.#..F@.#.....
##...#...#.#......#
#............<...##
##.....%.........###..
##.....................
#P......=..............
##.....................
##...............%.....
#...###.#.#......#....#


You could see a four-headed hydra, a yak and a bullfrog.

Vanquished Creatures
  A minotaur (Gauntlet)
  Fannar (Lair:2)
  A hydra (Lair:2)
  A catoblepas (Gauntlet)
  Erica (D:9)
  A boulder beetle (Lair:2)
  A death yak (Lair:2)
  Pikel (D:6)
  A worldbinder (Gauntlet)
  10 elephants (Lair:2)
  A merfolk siren (Lair:2)
  An apocalypse crab (Gauntlet)
  A molten gargoyle (Gauntlet)
  3 gargoyles
  5 komodo dragons
  A polar bear (Lair:2)
  Grinder (D:6)
  40 yaks
  2 wyverns (Lair:2)
  A spriggan (Lair:2)
  2 basilisks
  A steam dragon (D:6)
  Menkaure (D:4)
  2 acid dragons
  Duvessa (D:6)
  10 water moccasins
  An orc warrior (D:9)
  3 sky beasts
  A black bear (D:8)
  3 ice beasts
  2 ogres
  7 wolves (Lair:1)
  2 boggarts (Gauntlet)
  A centaur (D:8)
  2 lemures (D:6)
  A phantom (D:7)
  2 kobold brigands
  6 bullfrogs
  4 scorpions
  2 gnoll sergeants
  17 wights
  Dowan (D:6)
  6 killer bees
  3 howler monkeys
  A lava snake (D:9)
  A hound (D:4)
  A jelly (D:4)
  2 orc priests (D:9)
  A gnoll bouda (D:6)
  3 sleepcaps
  2 iguanas
  5 orc wizards
  12 gnolls
  10 adders
  4 white imps
  An ufetubus (D:7)
  A dart slug (D:5)
  22 orcs
  5 ball pythons
  6 bats
  2 endoplasms
  5 giant cockroaches
  9 hobgoblins
  6 jackals
  9 kobolds
  A quokka (D:1)
  4 frilled lizards
  4 goblins (D:1)
  4 rats
277 creatures vanquished.

Vanquished Creatures (others)
  A boggart (Gauntlet)
  A gnoll (D:6)
2 creatures vanquished.

Grand Total: 279 creatures vanquished

Notes
Turn   | Place    | Note
-------+----------+-------------------------------------------
     0 | D:1      | qw the Gargoyle Fighter began the quest for the Orb.
     0 | D:1      | Reached XP level 1. HP: 14/14 MP: 1/1
     0 | D:1      | 0 ||| qw: Version: 0.2-a-98-g5d7165a
     0 | D:1      | 0 ||| qw: Game counter: 53
     0 | D:1      | 0 ||| qw: Always use a shield: true
     0 | D:1      | 0 ||| qw: God list: Okawaru
     0 | D:1      | 0 ||| qw: Allow faded altars: false
     0 | D:1      | 0 ||| qw: Do Orc after D:15 true
     0 | D:1      | 0 ||| qw: Do second Lair branch before Depths: true
     0 | D:1      | 0 ||| qw: Lair rune preference: random
     0 | D:1      | 0 ||| qw: Plans: Normal, Zot:1-4, God:TSO, Crypt, Tomb,
                  | Pan, Slime:5, Hells, Abyss, Win
     0 | D:1      | 0 ||| PLANNING D:1-11
    66 | D:1      | Reached skill level 2 in Axes
   119 | D:1      | Reached XP level 2. HP: 19/19 MP: 2/2
   645 | D:1      | 645 ||| UPGRADING to +0 chain mail.
   655 | D:1      | 655 ||| DROPPING +0 scale mail.
   656 | D:1      | 656 ||| UPGRADING to +4 chain mail.
   666 | D:1      | 666 ||| DROPPING +0 chain mail.
   667 | D:1      | 667 ||| UPGRADING to +0 pair of boots.
   672 | D:1      | 672 ||| UPGRADING to ring of protection from fire.
   673 | D:1      | 673 ||| DRINKING 2 green potions.
   781 | D:2      | 781 ||| Stepping ~*~*~tactically~*~*~ (stealth).
   845 | D:2      | Reached skill level 3 in Axes
   845 | D:2      | Reached XP level 3. HP: 23/23 MP: 3/3
   898 | D:2      | 898 ||| Stepping ~*~*~tactically~*~*~ (hiding).
  1321 | D:2      | 1321 ||| Stepping ~*~*~tactically~*~*~ (stealth).
  1325 | D:2      | 1325 ||| Stepping ~*~*~tactically~*~*~ (stealth).
  1568 | D:2      | 1568 ||| UPGRADING to +4 ring of slaying {mikee}.
  1569 | D:2      | 1569 ||| READING scroll labelled QIPNAUQ QYD.
  1570 | D:2      | 1570 ||| READING scroll labelled ETEDWI RENODGH.
  1571 | D:2      | 1571 ||| READING scroll labelled PITTUPIAZO.
  1572 | D:2      | 1572 ||| DRINKING 2 fuming dark potions.
  1572 | D:2      | Gained mutation: Your spells are a little harder to cast,
                  | but a little more powerful. [potion of mutation]
  1572 | D:2      | Gained mutation: You are strong-willed. (Will+) [potion of
                  | mutation]
  1572 | D:2      | Gained mutation: Your body sometimes deteriorates upon
                  | taking damage. [potion of mutation]
  1660 | D:3      | Reached XP level 4. HP: 28/28 MP: 4/4
  1684 | D:3      | 1684 ||| Stepping ~*~*~tactically~*~*~ (stealth).
  1686 | D:3      | 1686 ||| Stepping ~*~*~tactically~*~*~ (stealth).
  1701 | D:3      | Reached skill level 4 in Axes
  1702 | D:3      | 1702 ||| Stepping ~*~*~tactically~*~*~ (stealth).
  1785 | D:3      | 1785 ||| Stepping ~*~*~tactically~*~*~ (stealth).
  1829 | D:3      | 1829 ||| Stepping ~*~*~tactically~*~*~ (stealth).
  1831 | D:3      | 1831 ||| Stepping ~*~*~tactically~*~*~ (stealth).
  1833 | D:3      | 1833 ||| Stepping ~*~*~tactically~*~*~ (stealth).
  1880 | D:3      | 1880 ||| DROPPING +0 mace.
  2035 | D:3      | 2035 ||| READING scroll labelled MUATUSEENA.
  2036 | D:3      | 2036 ||| READING scroll labelled LEDUMAWYIL.
  2037 | D:3      | 2037 ||| READING scroll labelled RILOOZ KUOCU.
  2041 | D:3      | 2041 ||| READING scroll labelled ALEJUPR KASMY.
  2076 | D:4      | Found Orghaddykk's Armour Emporium.
  2080 | D:4      | Found Wunt's General Store.
  2084 | D:4      | 2084 ||| SHOPLISTING +4 ring mail of fire resistance (310
                  | gold, have 156).
  2088 | D:4      | 2088 ||| BUYING potion of curing (30 gold).
  2088 | D:4      | Bought a potion of curing for 30 gold pieces
  2088 | D:4      | 2088 ||| BUYING potion of curing (30 gold).
  2088 | D:4      | Bought a potion of curing for 30 gold pieces
  2088 | D:4      | 2088 ||| SHOPLISTING potion of haste (100 gold, have 96).
  2148 | D:4      | 2148 ||| Stepping ~*~*~tactically~*~*~ (stealth).
  2154 | D:4      | Reached XP level 5. HP: 30/32 MP: 5/5
  2668 | D:4      | Noticed a kobold brigand
  2671 | D:4      | Killed a kobold brigand
  2672 | D:4      | Reached skill level 5 in Axes
  2744 | D:4      | Noticed Menkaure
  2748 | D:4      | Killed Menkaure
  2749 | D:4      | Reached XP level 6. HP: 18/39 MP: 6/6
  3034 | D:4      | Identified the +0 robe "Dotz" {rF++ Archmagi}
  3057 | D:4      | 3057 ||| UPGRADING to +0 pair of gloves.
  3062 | D:4      | 3062 ||| READING 2 scrolls labelled TEOFREDOTA.
  3063 | D:4      | 3063 ||| READING scroll labelled DAMIAGUEJE.
  3064 | D:4      | 3064 ||| DROPPING scroll of fog.
  3140 | D:5      | Entered Level 5 of the Dungeon
  3214 | D:5      | Identified the +7 ring mail of Ashenzari's Hatred {-Tele
                  | rElec rF+ rCorr}
  3259 | D:5      | 3259 ||| Stepping ~*~*~tactically~*~*~ (hiding).
  3261 | D:5      | 3261 ||| Stepping ~*~*~tactically~*~*~ (hiding).
  3416 | D:5      | 3416 ||| Stepping ~*~*~tactically~*~*~ (stealth).
  3436 | D:5      | Noticed an ice beast
  3444 | D:5      | Killed an ice beast
  3445 | D:5      | Reached skill level 6 in Axes
  3445 | D:5      | Reached XP level 7. HP: 44/44 MP: 7/7
  3589 | D:5      | Reached skill level 1 in Dodging
  3640 | D:5      | 3640 ||| Stepping ~*~*~tactically~*~*~ (stealth).
  3641 | D:5      | 3641 ||| Stepping ~*~*~tactically~*~*~ (stealth).
  3847 | D:5      | Reached skill level 7 in Axes
  4303 | D:5      | 4303 ||| UPGRADING to amulet of guardian spirit.
  4308 | D:5      | 4308 ||| DRINKING 2 glowing white potions.
  4309 | D:5      | 4309 ||| READING 2 scrolls of identify.
  4309 | D:5      | 4309 ||| IDENTIFYING bubbling red potion
  4310 | D:5      | 4310 ||| DROPPING potion of degeneration.
  4406 | D:6      | Found a staircase to the Ecumenical Temple.
  4407 | D:6      | 4407 ||| PLANNING TEMPLE
  4407 | D:6      | 4407 ||| DROPPING ring of magical power.
  4416 | Temple   | Entered the Ecumenical Temple
  4515 | Temple   | 4515 ||| PLANNING OKAWARU WORSHIP
  4582 | Temple   | Became a worshipper of Warmaster Okawaru
  4582 | Temple   | 4582 ||| PLANNING D:1-11
  4583 | Temple   | 4583 ||| REMOVING amulet of guardian spirit.
  4588 | Temple   | 4588 ||| DROPPING amulet of guardian spirit.
  4640 | D:6      | Reached XP level 8. HP: 30/49 MP: 8/8
  4713 | D:6      | Noticed Grinder
  4721 | D:6      | Reached skill level 1 in Throwing
  4726 | D:6      | Killed Grinder
  4755 | D:6      | 4755 ||| READING scroll of enchant armour.
  4755 | D:6      | 4755 ||| ENCHANTING +0 pair of gloves.
  4788 | D:6      | 4788 ||| Stepping ~*~*~tactically~*~*~ (hiding).
  4789 | D:6      | 4789 ||| Stepping ~*~*~tactically~*~*~ (hiding).
  4790 | D:6      | 4790 ||| Stepping ~*~*~tactically~*~*~ (hiding).
  4791 | D:6      | 4791 ||| Stepping ~*~*~tactically~*~*~ (hiding).
  4862 | D:6      | Noticed Pikel
  4874 | D:6      | Killed Pikel
  4874 | D:6      | Reached * piety under Okawaru
  4875 | D:6      | Reached skill level 8 in Axes
  5193 | D:6      | 5193 ||| Stepping ~*~*~tactically~*~*~ (hiding).
  5195 | D:6      | 5195 ||| INVOKING Heroism.
  5200 | D:6      | Reached skill level 1 in Invocations
  5202 | D:6      | Reached XP level 9. HP: 47/55 MP: 6/10
  5202 | D:6      | Reached ** piety under Okawaru
  5208 | D:6      | Reached skill level 6 in Fighting
  5322 | D:6      | 5322 ||| Stepping ~*~*~tactically~*~*~ (hiding).
  5328 | D:6      | Reached skill level 3 in Invocations
  5499 | D:6      | Noticed Dowan
  5500 | D:6      | 5500 ||| Stepping ~*~*~tactically~*~*~ (hiding).
  5501 | D:6      | 5501 ||| INVOKING Heroism.
  5503 | D:6      | Killed Dowan
  5505 | D:6      | Noticed Duvessa
  5511 | D:6      | Killed Duvessa
  5552 | D:6      | 5552 ||| INVOKING Heroism.
  5656 | D:6      | 5656 ||| READING scroll labelled ZAOBBIUDUR.
  5704 | D:7      | 5704 ||| Stepping ~*~*~tactically~*~*~ (hiding).
  5709 | D:7      | Reached skill level 9 in Axes
  6121 | D:7      | 6121 ||| UPGRADING to +0 helmet.
  6126 | D:7      | 6126 ||| DRINKING 2 puce potions.
  6127 | D:7      | 6127 ||| DROPPING potion of brilliance.
  6175 | D:8      | 6175 ||| Stepping ~*~*~tactically~*~*~ (stealth).
  6181 | D:8      | 6181 ||| INVOKING Heroism.
  6188 | D:8      | Reached XP level 10. HP: 45/63 MP: 11/13
  6265 | D:8      | Reached *** piety under Okawaru
  6269 | D:8      | 6269 ||| INVOKING Heroism.
  6271 | D:8      | Reached skill level 10 in Axes
  6351 | D:8      | 6351 ||| Stepping ~*~*~tactically~*~*~ (stealth).
  6390 | D:8      | 6390 ||| Stepping ~*~*~tactically~*~*~ (stealth).
  6423 | D:8      | Reached skill level 6 in Armour
  6425 | D:8      | 6425 ||| Stepping ~*~*~tactically~*~*~ (stealth).
  6427 | D:8      | 6427 ||| Stepping ~*~*~tactically~*~*~ (hiding).
  6430 | D:8      | 6430 ||| Stepping ~*~*~tactically~*~*~ (hiding).
  6565 | D:8      | 6565 ||| Stepping ~*~*~tactically~*~*~ (stealth).
  6568 | D:8      | 6568 ||| Stepping ~*~*~tactically~*~*~ (stealth).
  6882 | D:8      | 6882 ||| Stepping ~*~*~tactically~*~*~ (stealth).
  6885 | D:8      | 6885 ||| Stepping ~*~*~tactically~*~*~ (stealth).
  6887 | D:8      | 6887 ||| Stepping ~*~*~tactically~*~*~ (hiding).
  6968 | D:8      | 6968 ||| DROPPING +6 ring of intelligence.
  6969 | D:8      | 6969 ||| DRINKING 2 white potions.
  7036 | D:9      | 7036 ||| Stepping ~*~*~tactically~*~*~ (hiding).
  7038 | D:9      | 7038 ||| Stepping ~*~*~tactically~*~*~ (hiding).
  7045 | D:9      | Reached **** piety under Okawaru
  7121 | D:9      | Reached skill level 3 in Throwing
  7324 | D:9      | Found an ancient bone altar of Kikubaaqudgha.
  7347 | D:9      | Found a runed translucent door.
  7407 | D:9      | You fall into a shaft and drop 2 floors!
  7410 | D:11     | 7410 ||| PLANNING GAUNTLET
  7426 | D:11     | Found a gate leading to a gauntlet.
  7427 | D:11     | 7427 ||| READING 2 scrolls of identify.
  7427 | D:11     | 7427 ||| IDENTIFYING bubbling ruby potion
  7436 | Gauntlet | Entered a Gauntlet
  7436 | Gauntlet | Found a transporter.
  7436 | Gauntlet | Found a transporter.
  7437 | Gauntlet | Found a transporter.
  7437 | Gauntlet | Found a transporter.
  7437 | Gauntlet | Noticed a worldbinder
  7440 | Gauntlet | Found a transporter.
  7440 | Gauntlet | Found a transporter.
  7451 | Gauntlet | Noticed an apocalypse crab
  7454 | Gauntlet | Found a transporter.
  7455 | Gauntlet | Found a transporter.
  7456 | Gauntlet | Noticed a gargoyle
  7456 | Gauntlet | Noticed a molten gargoyle
  7464 | Gauntlet | Found a transporter.
  7464 | Gauntlet | Noticed a catoblepas
  7464 | Gauntlet | Noticed a gargoyle
  7568 | Gauntlet | Found a transporter.
  7572 | Gauntlet | Found a transporter.
  7583 | Gauntlet | Found a transporter.
  7628 | Gauntlet | Noticed a wolf spider
  7628 | Gauntlet | Noticed a wolf spider
  7628 | Gauntlet | 7628 ||| INVOKING Heroism.
  7630 | Gauntlet | 7630 ||| Stepping ~*~*~tactically~*~*~ (hiding).
  7637 | Gauntlet | Noticed a fire crab
  7639 | Gauntlet | Killed a worldbinder
  7641 | Gauntlet | Gained mutation: You are frail. (-10% HP) [a neqoxec]
  7642 | Gauntlet | 7642 ||| Stepping ~*~*~tactically~*~*~ (hiding).
  7642 | Gauntlet | Noticed a worldbinder
  7648 | Gauntlet | 7648 ||| INVOKING Heroism.
  7655 | Gauntlet | 7655 ||| Stepping ~*~*~tactically~*~*~ (cloud).
  7665 | Gauntlet | Gained mutation: You are dopey. (Int -2) [a neqoxec]
  7720 | Gauntlet | 7720 ||| DRINKING 3 potions of mutation.
  7720 | Gauntlet | Lost mutation: You are dopey. (Int -2) [potion of mutation]
  7720 | Gauntlet | Lost mutation: Your spells are a little harder to cast, but
                  | a little more powerful. [potion of mutation]
  7720 | Gauntlet | Lost mutation: You are strong-willed. (Will+) [potion of
                  | mutation]
  7720 | Gauntlet | Gained mutation: You are vulnerable to cold. (rC-) [potion
                  | of mutation]
  7721 | Gauntlet | 7721 ||| DRINKING 2 potions of mutation.
  7721 | Gauntlet | Lost mutation: You are frail. (-10% HP) [potion of
                  | mutation]
  7721 | Gauntlet | Lost mutation: Your body sometimes deteriorates upon taking
                  | damage. [potion of mutation]
  7721 | Gauntlet | Lost mutation: You are vulnerable to cold. (rC-) [potion of
                  | mutation]
  7721 | Gauntlet | Gained mutation: Your large and strong wings let you fly.
                  | [potion of mutation]
  7721 | Gauntlet | Gained mutation: You are frail. (-10% HP) [potion of
                  | mutation]
  7721 | Gauntlet | Gained mutation: Your magical capacity is low. (-10% MP)
                  | [potion of mutation]
  7721 | Gauntlet | Gained mutation: You have supernaturally acute eyesight.
                  | (SInv) [potion of mutation]
  7722 | Gauntlet | 7722 ||| DRINKING potion of mutation.
  7722 | Gauntlet | Lost mutation: You are frail. (-10% HP) [potion of
                  | mutation]
  7722 | Gauntlet | Lost mutation: Your large and strong wings let you fly.
                  | [potion of mutation]
  7722 | Gauntlet | Lost mutation: Your magical capacity is low. (-10% MP)
                  | [potion of mutation]
  7722 | Gauntlet | Gained mutation: Armour fits poorly on your strangely
                  | shaped body. [potion of mutation]
  7722 | Gauntlet | Gained mutation: Your mind is acute. (Int +4, Str/Dex -1)
                  | [potion of mutation]
  7782 | Gauntlet | 7782 ||| INVOKING Heroism.
  7783 | Gauntlet | Killed an apocalypse crab
  7784 | Gauntlet | Reached skill level 6 in Invocations
  7784 | Gauntlet | Reached XP level 11. HP: 34/68 MP: 12/15
  7910 | Gauntlet | Identified the ring "Uruifot" {MP+9 Int+3}
  7912 | Gauntlet | 7912 ||| DROPPING ring "Uruifot" {MP+9 Int+3}.
  7931 | Gauntlet | 7931 ||| Stepping ~*~*~tactically~*~*~ (hiding).
  7932 | Gauntlet | 7932 ||| INVOKING Heroism.
  7936 | Gauntlet | Killed a catoblepas
  7936 | Gauntlet | Reached ***** piety under Okawaru
  7937 | Gauntlet | Reached skill level 11 in Axes
  7960 | Gauntlet | Identified the amulet of Roruzaf {Reflect rPois rC- Will-
                  | Dex+6 SH+5}
  7965 | Gauntlet | 7965 ||| UPGRADING to amulet of Roruzaf {Reflect rPois rC-
                  | Will- Dex+6 SH+5}.
  7970 | Gauntlet | 7970 ||| UPGRADING to ring of protection from cold.
  7972 | Gauntlet | 7972 ||| READING scroll labelled UXKIUHA FILAILUPH.
  7977 | Gauntlet | Identified the +4 quarterstaff of the Gnat {holy, rC+
                  | Str+2}
  7977 | Gauntlet | Noticed a minotaur
  7978 | Gauntlet | 7978 ||| Stepping ~*~*~tactically~*~*~ (stealth).
  7980 | Gauntlet | 7980 ||| Stepping ~*~*~tactically~*~*~ (stealth).
  7990 | Gauntlet | 7990 ||| INVOKING Heroism.
  7991 | Gauntlet | 7991 ||| INVOKING Finesse.
  7998 | Gauntlet | Killed a minotaur
  8149 | D:11     | 8149 ||| PLANNING D:1-11
  8159 | D:11     | 8159 ||| INVOKING Heroism.
  8219 | D:11     | Found a staircase to the Lair.
  8333 | D:11     | 8333 ||| Stepping ~*~*~tactically~*~*~ (hiding).
  8338 | D:11     | Identified the +1 broad axe of Gloom {freeze, *Rage Int+5}
                  | (Okawaru gifted it to you on level 11 of the Dungeon)
  8338 | D:11     | Received a gift from Okawaru
  8347 | D:11     | 8347 ||| DROPPING +1 broad axe of Gloom {freeze, *Rage
                  | Int+5}.
  8361 | D:10     | Entered Level 10 of the Dungeon
  8411 | D:9      | Found Qocionos's Self-Improvement Boutique.
  8413 | D:9      | 8413 ||| Stepping ~*~*~tactically~*~*~ (stealth).
  8424 | D:9      | 8424 ||| DROPPING +0 flail.
  8442 | D:9      | Found Zeatuv's Elemental Accessories.
  8479 | D:9      | 8479 ||| Stepping ~*~*~tactically~*~*~ (hiding).
  8484 | D:9      | 8484 ||| Stepping ~*~*~tactically~*~*~ (hiding).
  8528 | D:9      | 8528 ||| READING scroll of brand weapon.
  8528 | D:9      | 8528 ||| BRANDING +1 heavy war axe.
  8569 | D:9      | 8569 ||| INVOKING Heroism.
  8711 | D:9      | 8711 ||| Stepping ~*~*~tactically~*~*~ (stealth).
  8713 | D:9      | 8713 ||| READING scroll labelled COCEBI MIZXA.
  8714 | D:9      | 8714 ||| Stepping ~*~*~tactically~*~*~ (stealth).
  8727 | D:9      | 8727 ||| Stepping ~*~*~tactically~*~*~ (hiding).
  8778 | D:9      | Noticed Erica
  8779 | D:9      | 8779 ||| Stepping ~*~*~tactically~*~*~ (hiding).
  8780 | D:9      | 8780 ||| INVOKING Heroism.
  8783 | D:9      | 8783 ||| INVOKING Finesse.
  8788 | D:9      | 8788 ||| INVOKING Finesse.
  8795 | D:9      | Killed Erica
  8796 | D:9      | Reached skill level 9 in Fighting
  8796 | D:9      | Reached skill level 9 in Invocations
  8909 | D:9      | Noticed qw's ghost (journeyman GrFi)
  9012 | D:9      | 9012 ||| PLANNING LAIR
  9153 | Lair:1   | Entered Level 1 of the Lair of Beasts
  9323 | Lair:1   | 9323 ||| INVOKING Heroism.
  9426 | Lair:1   | Reached XP level 12. HP: 76/76 MP: 19/19
  9430 | Lair:1   | Reached skill level 3 in Dodging
  9480 | Lair:1   | Found a sparkling altar of Nemelex Xobeh.
  9786 | Lair:1   | 9786 ||| UPGRADING to +2 pair of gloves.
  9796 | Lair:1   | 9796 ||| DROPPING +1 pair of gloves.
  9797 | Lair:1   | 9797 ||| UPGRADING to +0 kite shield.
  9807 | Lair:1   | 9807 ||| DROPPING +0 buckler.
  9808 | Lair:1   | 9808 ||| READING scroll labelled XETUME WURGH.
  9909 | Lair:1   | 9909 ||| DRINKING 2 bubbling white potions.
  9910 | Lair:1   | 9910 ||| READING 3 scrolls of identify.
  9910 | Lair:1   | 9910 ||| IDENTIFYING fuming red potion
  9911 | Lair:1   | 9911 ||| READING 2 scrolls of identify.
  9911 | Lair:1   | 9911 ||| IDENTIFYING viscous golden potion
  9912 | Lair:1   | 9912 ||| DROPPING potion of flight.
  9913 | Lair:1   | 9913 ||| DROPPING potion of berserk rage.
  9925 | Lair:2   | 9925 ||| INVOKING Heroism.
  9949 | Lair:2   | 9949 ||| Stepping ~*~*~tactically~*~*~ (stealth).
  9950 | Lair:2   | 9950 ||| Stepping ~*~*~tactically~*~*~ (stealth).
  9959 | Lair:2   | Reached skill level 6 in Shields
 10010 | Lair:2   | 10010 ||| Stepping ~*~*~tactically~*~*~ (stealth).
 10013 | Lair:2   | 10013 ||| Stepping ~*~*~tactically~*~*~ (stealth).
 10103 | Lair:2   | Noticed Fannar
 10107 | Lair:2   | Noticed a boulder beetle
 10108 | Lair:2   | 10108 ||| INVOKING Heroism.
 10109 | Lair:2   | 10109 ||| INVOKING Finesse.
 10112 | Lair:2   | Killed Fannar
 10112 | Lair:2   | Received a gift from Okawaru
 10129 | Lair:2   | Killed a boulder beetle
 10130 | Lair:2   | Reached skill level 9 in Shields
 10164 | Lair:2   | 10164 ||| SWAPPING to +5 broad axe of holy wrath.
 10165 | Lair:2   | 10165 ||| DROPPING +1 war axe of draining.
 10200 | Lair:2   | 10200 ||| INVOKING Heroism.
 10320 | Lair:2   | 10320 ||| INVOKING Heroism.
 10361 | Lair:2   | Received a gift from Okawaru
 10362 | Lair:2   | Reached skill level 12 in Axes
 10364 | Lair:2   | 10364 ||| INVOKING Heroism.
 10542 | Lair:2   | Noticed a death yak
 10543 | Lair:2   | 10543 ||| INVOKING Heroism.
 10544 | Lair:2   | 10544 ||| INVOKING Finesse.
 10556 | Lair:2   | Killed a death yak
 10557 | Lair:2   | Reached XP level 13. HP: 71/80 MP: 13/20
 10744 | Lair:2   | Found a staircase to the Shoals.
 10916 | Lair:2   | 10916 ||| INVOKING Heroism.
 10917 | Lair:2   | 10917 ||| INVOKING Finesse.
 10923 | Lair:2   | 10923 ||| SWAPPING to +0 morningstar.
 10926 | Lair:2   | 10926 ||| SWAPPING to +5 broad axe of holy wrath.
 11004 | Lair:2   | 11004 ||| DROPPING ring of fire.
 11005 | Lair:2   | 11005 ||| READING scroll labelled HIYZXIRGHE PYOXYAGO.
 11006 | Lair:2   | 11006 ||| READING scroll labelled OMMUS KOJY.
 11007 | Lair:2   | 11007 ||| DRINKING 2 sapphire potions.
 11008 | Lair:2   | 11008 ||| READING 3 scrolls of identify.
 11008 | Lair:2   | 11008 ||| IDENTIFYING cyan potion
 11009 | Lair:2   | 11009 ||| DROPPING potion of invisibility.
 11043 | Lair:3   | 11043 ||| Stepping ~*~*~tactically~*~*~ (stealth).
 11067 | Lair:3   | 11067 ||| INVOKING Heroism.
 11073 | Lair:3   | 11073 ||| SWAPPING to +0 morningstar.
 11081 | Lair:3   | HP: 17/82 [four-headed hydra (4)]
 11082 | Lair:3   | 11082 ||| READING scroll of teleportation.
 11083 | Lair:3   | HP: 2/82 [yak (9)]
 11084 | Lair:3   | Slain by a four-headed hydra

Levels and vault maps discovered:
D:1:      tarquinn_simple_flora_water_c, layout_basic, roderic_filled_cross,
          chequers_serial_rivers_small_3
D:2:      layout_basic
D:3:      layout_basic, minmay_crystal_room
D:4:      layout_basic, dreamdust_princess_bridge, nicolae_wooded_promenade,
          uniq_menkaure
D:5:      layout_layer_cave
D:6:      layout_layer_cave, minmay_temple_entry_junction, uniq_grinder,
          uniq_pikel, uniq_duvessa
D:7:      layout_gridville, solitary_fountain
D:8:      nicolae_cairo_tiling_large_dashed, layout_cave_pools
D:9:      layout_basic, mainiacjoe_overflow_alcove_4,
          ebering_ghost_reflecting_pool, nicolae_lava_and_water,
          nicolae_concentric_dashed_squares_wild, nicolae_elemental_shop,
          nicolae_shop_self_help, uniq_erica
D:10:     layout_grid_maze
D:11:     layout_roguey, lair_entry_dummy, gauntlet_entry_generic,
          portal_ice_cave_demonic_guard, minivault_21, grunt_ogre_cave,
          hangedman_abyss_or_decor_passed, nicolae_uskayaw_suspiria
Temple:   kilobyte_greek_temple
Lair:1:   layout_big_grid, basic_altar, minmay_holes
Lair:2:   layout_misc_corridors, minmay_shoals_entry_lonely_mermaid,
          minivault_25, st_stairs_12, grunt_forest_large_clearing_hut,
          uniq_fannar
Lair:3:   layout_regular_city, nicolae_snake_entry_warm_welcome

Skill      XL: |  1  2  3  4  5  6  7  8  9 10 11 12 13 |
---------------+----------------------------------------+-----
Axes           | 2 3 4 5 6 7 8 9 10 11 12 | 12.0
Fighting       | 4 5 7 8 9 10 | 10.0
Dodging        | 1 2 3 |  3.0
Throwing       | 1 2 3 4 |  4.2
Armour         | 4 5 6 7 |  7.6
Invocations    | 1 4 6 9 10 | 10.0
Shields        | 4 5 10 | 10.7

Action                     |  1- 3 |  4- 6 |  7- 9 | 10-12 | 13-15 || total
---------------------------+-------+-------+-------+-------+-------++-------
  Melee: War axe           |    92 |    74 |   149 |   329 |       ||   644
         Broad axe         |       |       |       |    53 |    17 ||    70
         Morningstar       |       |       |       |       |    12 ||    12
  Throw: Boomerang         |       |       |    10 |    29 |       ||    39
         Javelin           |       |       |     6 |    96 |    16 ||   118
 Invoke: Heroism           |       |       |     4 |    16 |     2 ||    22
         Finesse           |       |       |       |     4 |     1 ||     5
    Use: Potion            |     2 |       |     2 |     5 |     1 ||    10
         Scroll            |     3 |     6 |     3 |     7 |     4 ||    23
 Armour: Scale mail        |    19 |       |       |       |       ||    19
         Chain mail        |    30 |    70 |   130 |   201 |    22 ||   453
  Dodge: Dodged            |    37 |    35 |    70 |   135 |     8 ||   285
  Block: Buckler           |    12 |    12 |    46 |   115 |       ||   185
         Reflection        |       |       |       |     3 |       ||     3
         Kite shield       |       |       |       |    82 |    30 ||   112

Table legend:
 A = Non-vault XP
 B = Vault XP
 C = Vault XP percentage of total XP
 D = Non-vault monster count
 E = Vault monster count
 F = Vault count percentage of total count
                 A         B        C        D         E       F
            +---------+---------+-------+---------+---------+-------
      Total |   25563 |    9745 |  27.6 |     254 |      23 |   8.3
            +---------+---------+-------+---------+---------+-------
        D:1 |      24 |       0 |   0.0 |      15 |       0 |   0.0
        D:2 |      54 |       0 |   0.0 |      20 |       0 |   0.0
        D:3 |      83 |       0 |   0.0 |      18 |       0 |   0.0
        D:4 |     229 |     169 |  42.5 |       9 |       1 |  10.0
        D:5 |     555 |       0 |   0.0 |      17 |       0 |   0.0
        D:6 |     968 |    1131 |  53.9 |      21 |       4 |  16.0
        D:7 |    1009 |       0 |   0.0 |      15 |       0 |   0.0
        D:8 |    2776 |       0 |   0.0 |      33 |       0 |   0.0
        D:9 |    3092 |     831 |  21.2 |      37 |       1 |   2.6
       D:10 |     163 |       0 |   0.0 |       1 |       0 |   0.0
       D:11 |     986 |     121 |  10.9 |       6 |       1 |  14.3
     Lair:1 |    4344 |       0 |   0.0 |      25 |       0 |   0.0
     Lair:2 |    9940 |    3104 |  23.8 |      29 |       6 |  17.1
     Lair:3 |    1340 |       0 |   0.0 |       8 |       0 |   0.0
   Gauntlet |       0 |    4389 | 100.0 |       0 |      10 | 100.0
            +---------+---------+-------+---------+---------+-------
